 Dungeon Crawl Stone Soup version 0.23-a0-419-g0174fd80c1 (webtiles) character file.

622 Trappist the Covert (level 7, -5/48 HPs)
             Began as a Spriggan Enchanter on Nov 12, 2018.
             Was an Initiate of Dithmenos.
             Killed by divine providence
             ... invoked by an orc priest
              (17 damage)
             ... on level 5 of the Dungeon.
             The game lasted 00:08:54 (3254 turns).

Trappist the Covert (Spriggan Enchanter)            Turns: 3254, Time: 00:08:55

Health: -5/48      AC: 23    Str:  8    XL:     7   Next: 22%
Magic:  15/25      EV:  4    Int: 18    God:    Dithmenos [......]
Gold:   179        SH:  0    Dex: 16    Spells: 5/17 levels left

rFire    . . .     SeeInvis +   a - +2 dagger
rCold    . . .     Gourm    .   (shield restricted)
rNeg     + + +     Faith    .   (armour currently unavailable)
rPois    +         Spirit   .   (helmet currently unavailable)
rElec    .         Reflect  .   (cloak currently unavailable)
rCorr    .         Harm     .   (gloves unavailable)
MR       ++...     NoTele   +   (boots unavailable)
Stlth    ++++......             (no amulet)
HPRegen  0.16/turn              f - +3 ring of strength
MPRegen  0.19/turn              n - ring of magical power

@: tree-form
A: very small, unfitting armour, see invisible, herbivore, magic resistance 1,
slow metabolism 2
a: Renounce Religion


You were on level 5 of the Dungeon.
You worshipped Dithmenos.
Dithmenos was noncommittal.
You were not hungry.
You were a tree.
You visited 2 branches of the dungeon, and saw 6 of its levels.

You collected 179 gold pieces.

Inventory:

Hand Weapons
 a - a +2 dagger (weapon)
Missiles
 j - 34 arrows
 s - 46 bolts
Armour
 b - a +2 robe (melded)
 i - a +1 cloak (melded)
Jewellery
 f - a +3 ring of strength (left branch)
 g - an uncursed ring of ice
 l - an uncursed ring of wizardry
 n - a ring of magical power (right branch)
 o - an uncursed ring of protection from magic {unknown}
 p - a cursed ring of attention {unknown}
Wands
 e - a wand of acid (7)
Scrolls
 q - a scroll of fear
 r - 4 scrolls of teleportation
 w - a scroll of immolation
Potions
 c - 2 potions of brilliance
 h - a potion of lignification
 k - 2 potions of might
 m - a potion of berserk rage
 t - a potion of degeneration {unknown}
 u - a potion of curing
 v - a potion of resistance
Comestibles
 d - 8 rations


   Skills:
 - Level 1.1 Short Blades
 - Level 3.0 Dodging
 + Level 8.8 Stealth
 - Level 5.8 Spellcasting
 - Level 6.3 Hexes


You had 5 spell levels left.
You knew the following spells:

 Your Spells              Type           Power        Failure   Level  Hunger
a - Ensorcelled Hibernat  Hex/Ice        ###...       4%          2    None
b - Corona                Hex            ####...      1%          1    None
c - Confuse               Hex            ####....     2%          3    ##.....
d - Tukima's Dance        Hex            ####....     2%          3    ##.....
e - Dazzling Spray        Conj/Hex       ###...       10%         3    ##.....

Your spell library contained the following spells:

 Spells                   Type           Power        Failure   Level  Hunger
 Inner Flame              Hex/Fire       ###.....     10%         3    ##.....
 Flame Tongue             Conj/Fire      #....        12%         1    None
 Throw Flame              Conj/Fire      #.....       19%         2    None
 Conjure Flame            Conj/Fire      #.......     36%         3    ##.....
 Sticky Flame             Conj/Fire      #.......     77%         4    ####...
 Fireball                 Conj/Fire      #.........   98%         5    #####..


Dungeon Overview and Level Annotations

Branches:
Dungeon (5/15)             Temple (1/1) D:4

Altars:
Ashenzari
Dithmenos
Elyvilon
Fedhas
Gozag
Hepliaklqana
Makhleb
Nemelex Xobeh
Qazlal
Ru
Sif Muna
Trog
Uskayaw
Vehumet
Wu Jian
Xom
Yredelemnul
The Shining One


Innate Abilities, Weirdness & Mutations

You are very small and have problems with some larger weapons.
You are too small for most types of armour.
You have supernaturally acute eyesight. (SInv)
You are a herbivore.
((You cover ground extremely quickly.))
You need to consume almost no food.
((You have a beak for a mouth.))
((You have large cloven feet.))
You are resistant to hostile enchantments. (MR+)


Message History

You impale the orc!!
You kill the orc!
Dithmenos accepts your kill.
The bullfrog hits you but does no damage. x2
Casting: Ensorcelled Hibernation (safe; 4% risk of failure)
Confirm with . or Enter, or press ? or * to list all spells.
Aiming: Ensorcelled Hibernation (safe; 4% risk of failure)
Press: ? - help, Shift-Dir - straight line, f - orc priest
Aim: an orc priest, wielding a +0 flail and wearing a +0 leather armour (chance The orc priest resists with some effort.
The orc priest calls down the wrath of Beogh upon you.
Beogh smites you!
* * * LOW HITPOINT WARNING * * *
The bullfrog hits you but does no damage.
Unknown command.
It was a potion of curing.
You feel better.
The bullfrog hits you but does no damage.
The orc priest invokes the aid of Beogh against you.
Beogh smites you!
You die...

# #.##.###.## .
#. #.# #.# .#
###.##.# #.# .#
...##.# #.# #
#..##.# #.#
#..##.# #.# .##
#..##.# #.#
.....####..##.#
#.#
......o♣Fo..).#
####.###...####
#[.........
.....########
#####.# ..#
####


You could see a bullfrog, an orc priest and an orc wizard.

Vanquished Creatures
  Grinder (D:3)
  A bullfrog (D:5)
  A scorpion (D:4)
  A bullfrog zombie (D:5)
  A hound (D:4)
  An orc priest (D:5)
  2 orc wizards
  2 worker ants (D:4)
  4 adders
  2 oozes
  An adder skeleton (D:4)
  A worm (D:4)
  4 dart slugs
  10 orcs
  3 ball pythons
  5 bats
  3 giant cockroaches
  5 goblins
  4 hobgoblins
  3 jackals (D:5)
  A quokka (D:5)
  6 frilled lizards
  8 kobolds
  5 rats
75 creatures vanquished.

Vanquished Creatures (others)
  A worm (D:3)
1 creature vanquished.

Grand Total: 76 creatures vanquished

Notes
Turn   | Place    | Note
-------+----------+-------------------------------------------
     0 | D:1      | Trappist the Spriggan Enchanter began the quest for the
                  | Orb.
     0 | D:1      | Reached XP level 1. HP: 9/9 MP: 5/5
    81 | D:1      | Reached XP level 2. HP: 13/13 MP: 7/7
    85 | D:1      | Learned a level 2 spell: Ensorcelled Hibernation
   527 | D:1      | Reached XP level 3. HP: 12/16 MP: 7/9
   532 | D:1      | Learned a level 3 spell: Confuse
   536 | D:1      | Learned a level 3 spell: Tukima's Dance
   910 | D:2      | Found an ornate altar of the Wu Jian Council.
  1400 | D:3      | Reached skill level 5 in Hexes
  1400 | D:3      | Reached XP level 4. HP: 19/21 MP: 3/11
  1527 | D:3      | Found a radiant altar of Vehumet.
  1579 | D:3      | Found a hazy altar of Hepliaklqana.
  1579 | D:3      | Found a glowing golden altar of the Shining One.
  1579 | D:3      | Found a hide-covered altar of Uskayaw.
  1579 | D:3      | Found a sacrificial altar of Ru.
  1588 | D:3      | Found an opulent altar of Gozag.
  1588 | D:3      | Found a shattered altar of Ashenzari.
  1673 | D:3      | Found a white marble altar of Elyvilon.
  1910 | D:3      | Noticed Grinder
  1924 | D:3      | Killed Grinder
  1924 | D:3      | Reached skill level 5 in Spellcasting
  1924 | D:3      | Reached XP level 5. HP: 13/24 MP: 14/14
  1924 | D:3      | Reached XP level 6. HP: 15/28 MP: 15/15
  1929 | D:3      | Learned a level 3 spell: Dazzling Spray
  2187 | D:4      | Reached skill level 5 in Stealth
  2255 | D:4      | Gained mutation: You are resistant to hostile enchantments.
                  | (MR+) [potion of mutation]
  2255 | D:4      | Gained mutation: You have large cloven feet. [potion of
                  | mutation]
  2255 | D:4      | Gained mutation: You have a beak for a mouth. [potion of
                  | mutation]
  2311 | D:4      | Found a staircase to the Ecumenical Temple.
  2333 | D:4      | Reached skill level 6 in Stealth
  2363 | Temple   | Entered the Ecumenical Temple
  2372 | Temple   | Became a worshipper of Dithmenos the Shadowed
  2637 | D:4      | Reached skill level 7 in Stealth
  2795 | D:5      | Entered Level 5 of the Dungeon
  3059 | D:5      | Reached skill level 8 in Stealth
  3059 | D:5      | Reached XP level 7. HP: 29/32 MP: 16/16
  3253 | D:5      | HP: 1/48 [orc priest/divine providence (16)]
  3254 | D:5      | Killed from afar by an orc priest

Vault maps used:
D:1:      onia_arrival_handbag, minmay_heptomino_h4
D:2:      overflow_temple_1_default, due_unseen_surprise
D:3:      fiery_altar_vehumet, minmay_overflow_temple_hex, first_ration,
          elyvilon_altar_5, uniq_grinder
D:4:      temple_pool_b
D:5:      serial_bayou_pond_a
Temple:   chequers_temple_sunken

Skill      XL: |  1  2  3  4  5  6 |
---------------+-------------------+-----
Spellcasting   | 3 4 5 |  5.8
Hexes          | 4 5 6 |  6.3
Stealth        | 8 |  8.8
Short Blades   | |  1.1
Dodging        | |  3.0

Action                   |  1- 3 |  4- 6 |  7- 9 || total
-------------------------+-------+-------+-------++-------
Melee: Dagger            |    82 |    94 |     5 ||   181
       Kick              |       |     8 |     1 ||     9
       Peck              |       |     6 |     1 ||     7
 Cast: Ensorcelled Hiber |    12 |    17 |     6 ||    35
       Corona            |     1 |       |       ||     1
       Confuse           |       |     1 |       ||     1
       Dazzling Spray    |       |     4 |       ||     4
  Use: Scroll            |    11 |     6 |     1 ||    18
       Potion            |       |     1 |     2 ||     3
 Stab: Sleeping          |    18 |    14 |     3 ||    35
       Distracted        |     1 |     1 |       ||     2
       Confused          |       |     3 |       ||     3
  Eat: Ration            |       |     1 |       ||     1
Armor: Robe              |    13 |     5 |     1 ||    19
       Skin              |       |       |     9 ||     9
Dodge: Dodged            |    51 |    61 |     3 ||   115

Table legend:
 A = Non-vault XP
 B = Vault XP
 C = Vault XP percentage of total XP
 D = Non-vault monster count
 E = Vault monster count
 F = Vault count percentage of total count
                 A         B        C        D         E       F
            +---------+---------+-------+---------+---------+-------
      Total |     606 |     283 |  31.8 |      67 |       8 |  10.7
            +---------+---------+-------+---------+---------+-------
        D:1 |      30 |      16 |  34.8 |      17 |       7 |  29.2
        D:2 |      41 |       0 |   0.0 |       7 |       0 |   0.0
        D:3 |      39 |     267 |  87.3 |      16 |       1 |   5.9
        D:4 |     241 |       0 |   0.0 |      13 |       0 |   0.0
        D:5 |     255 |       0 |   0.0 |      14 |       0 |   0.0
            +---------+---------+-------+---------+---------+-------
